 Dungeon Crawl Stone Soup version 0.29.1-1-gd02db6906a (webtiles) character file.

Game seed: 274481532862686103

296 Linkola the Covered (level 6, -1/53 HPs)
             Began as a Minotaur Fighter on Sept 26, 2022.
             Was an Initiate of Wu Jian.
             Slain by a gnoll
             ... wielding a +0 club
             ... led by a gnoll bouda
              (7 damage)
             ... on level 7 of the Dungeon.
             The game lasted 00:06:24 (3019 turns).

Linkola the Covered (Minotaur Fighter)              Turns: 3019, Time: 00:06:25

Health: -1/53      AC:  7    Str: 22    XL:     6   Next: 12%
Magic:  5/5        EV: 10    Int:  5    God:    Wu Jian [......]
Gold:   120        SH:  4    Dex: 10    Spells: 5/5 levels left

rFire   . . .      SeeInvis .   a - +0 trident
rCold   . . .      Faith    .   c - +0 buckler
rNeg    . . .      Spirit   .   h - +0 scale mail {Will+}
rPois   .          Reflect  .   (helmet restricted)
rElec   .          Harm     .   (no cloak)
rCorr   .          Rampage  .   (no gloves)
Will    +....                   (no boots)
Stlth   ..........              (no amulet)
HPRegen 0.17/turn               (no ring)
MPRegen 0.09/turn               (no ring)

@: mighty
A: horns 2, retaliatory headbutt
a: Renounce Religion


You were on level 7 of the Dungeon.
You worshipped Wu Jian.
Wu Jian was noncommittal.
You visited 1 branch of the dungeon, and saw 5 of its levels.

You collected 120 gold pieces.

Inventory:

Hand Weapons
 a - a +0 trident (weapon)
Missiles
 l - 6 boomerangs (quivered)
Armour
 c - a +0 buckler (worn)
 h - a +0 scale mail of willpower (worn)
Scrolls
 b - 2 scrolls of teleportation
 f - 2 scrolls of identify
 i - a scroll of enchant weapon {unknown}
 j - a scroll of vulnerability {unknown}
 k - a scroll of brand weapon {unknown}
 n - a scroll of enchant armour {unknown}
Potions
 d - a potion of might
 g - a potion of brilliance {unknown}
 m - a potion of lignification {unknown}


   Skills:
 + Level 4.4 Fighting
 + Level 4.2 Polearms
 * Level 2.3 Throwing
 + Level 4.9 Armour
 * Level 2.4 Dodging
 + Level 4.3 Shields


You had 5 spell levels left.
You didn't know any spells.
Your spell library contained the following spells:

 Spells                   Type           Power      Damage    Failure   Level
 Blink                    Tloc           0%         N/A       95%         2
 Lesser Beckoning         Tloc           0%         N/A       99%         3
 Manifold Assault         Tloc           0%         N/A       100%        5


Dungeon Overview and Level Annotations

Branches:
Dungeon (4/15)
 Temple: D:4-7

Altars:
Cheibriados
Dithmenos
Qazlal
Sif Muna
Uskayaw
Wu Jian
Zin

Annotations:
D:7 Menkaure


Innate Abilities, Weirdness & Mutations

You have a pair of horns on your head.
You reflexively headbutt those who attack you in melee.


Message History

You closely miss the gnoll bouda. Your headbutt misses the gnoll bouda.
The gnoll bouda is severely wounded.
Your attacks no longer feel as feeble.
Menkaure hits you.
The gnoll bouda prays to its god.
The gnoll bouda is healed somewhat.
You closely miss the gnoll bouda. Your headbutt misses the gnoll bouda.
The gnoll bouda is heavily wounded.
The gnoll bouda barely misses you. Menkaure hits you!
You hit the gnoll bouda.
The gnoll bouda is heavily wounded.
The gnoll bouda barely misses you. You block Menkaure's attack.
You hit the gnoll bouda but do no damage.
The gnoll bouda is heavily wounded.
You block the gnoll bouda's attack. Menkaure barely misses you.
You closely miss the gnoll bouda. You headbutt the gnoll bouda!
You kill the gnoll bouda!
The Council accepts your kill. Menkaure hits you but does no damage.
The gnoll hits you with a +0 flail.
You have reached level 6!
Okay, then.
You feel very mighty all of a sudden. The gnoll barely misses you.
Menkaure hits you but does no damage.
You barely miss the gnoll. You block the gnoll's attack.
Menkaure sighs drily.
Menkaure hits you.
You closely miss the gnoll. You headbutt the gnoll!
You kill the gnoll!
The Council accepts your kill. Menkaure hits you!
The gnoll hits you but does no damage.
You are electrocuted!!
* * * LOW HITPOINT WARNING * * *
You hit the gnoll.
The gnoll is lightly wounded.
The gnoll closely misses you.
You puncture the gnoll!
You kill the gnoll!
The Council accepts your kill. You block Menkaure's attack.
The gnoll hits you with a +0 club!
You die...

####.#.##.##.#..............
#...........................
####.#.##..######.......#...
#...#...### #..#........
#.####.... ......##.#... #.#
#..#####...... ....
#.####..## #......< ...
###.##....M####........ ..
#..........@g..........#
######.##.###....... #.##.#
....##. #..(.# ....# #.##.#
..g.# #.##.# ....# #.##..
..... #.#### ..g###


You could see Menkaure and a gnoll (swift).

Vanquished Creatures
  A black bear (D:4)
  A gnoll bouda (D:7)
  An orc priest (D:2)
  3 gnolls
  5 adders
  A worm (D:2)
  2 dart slugs
  9 orcs
  5 ball pythons (D:1)
  5 endoplasms
  2 giant cockroaches
  6 goblins
  4 hobgoblins
  3 jackals (D:1)
  4 kobolds
  6 quokkas
  4 bats
  9 frilled lizards
  2 rats
73 creatures vanquished.

Vanquished Creatures (others)
  3 fungi (D:1)
  5 plants (D:1)
8 creatures vanquished.

Grand Total: 81 creatures vanquished

Notes
Turn   | Place    | Note
-------+----------+-------------------------------------------
     0 | D:1      | Linkola the Minotaur Fighter began the quest for the Orb.
     0 | D:1      | Reached XP level 1. HP: 19/19 MP: 0/0
   189 | D:1      | Reached XP level 2. HP: 27/27 MP: 1/1
   241 | D:1      | Found a faded altar of an unknown god.
   372 | D:1      | Reached XP level 3. HP: 33/33 MP: 2/2
   581 | D:1      | Reached skill level 1 in Throwing
   701 | D:1      | Reached skill level 1 in Dodging
   899 | D:2      | Reached XP level 4. HP: 34/40 MP: 3/3
   923 | D:2      | HP: 1/40 [orc priest/divine providence (14)]
  1944 | D:3      | Found a hide-covered altar of Uskayaw.
  1946 | D:3      | Found a shimmering blue altar of Sif Muna.
  1950 | D:3      | Found a stormy altar of Qazlal.
  1951 | D:3      | Found a snail-covered altar of Cheibriados.
  1952 | D:3      | Found an ornate altar of the Wu Jian Council.
  1952 | D:3      | Found a glowing silver altar of Zin.
  1953 | D:3      | Found a shadowy altar of Dithmenos.
  1966 | D:3      | Became a worshipper of the Wu Jian Council
  1976 | D:3      | Reached XP level 5. HP: 46/46 MP: 4/4
  2795 | D:4      | Noticed a black bear
  2805 | D:4      | Killed a black bear
  2938 | D:4      | You fall into a shaft and drop 3 floors!
  2957 | D:7      | Noticed Menkaure
  3015 | D:7      | Reached XP level 6. HP: 37/53 MP: 5/5
  3019 | D:7      | Slain by a gnoll

Illustrated notes

Levels and vault maps discovered:
D:1:      shiori_arrival_maze, layout_loops_ring,
          shapermc_ecumenical_altar_mp_urbaneastern
D:2:      layout_rooms
D:3:      layout_basic, grunt_temple_overflow_open, serial_co_window_serial,
          co_window_paths_a, co_window_corner_a, co_window_paths_a,
          co_window_corner_a, co_window_of_opportunity_a, co_window_paths_a,
          co_window_paths_a, co_window_corner_cb, co_window_corner_cb,
          co_window_corner_b, co_window_sun, glass_columns_b, glass_columns_a,
          glass_columns_a
D:4:      layout_loops_ring, temple_hall, nicolae_kite_square_tiling_tiny,
          chequers_serial_rivers_micro_d, chequers_serial_rivers_small_b,
          abandoned_shop, uniq_robin
D:7:      layout_basic, kennysheep_ying_yang, uniq_pikel, uniq_menkaure

Skill      XL: |  1  2  3  4  5 |
---------------+----------------+-----
Fighting       | 4 |  4.4
Armour         | 4 |  4.9
Shields        | 4 |  4.3
Throwing       | 1 2 |  2.3
Dodging        | 1 2 |  2.4
Polearms       | 3 4 |  4.2

Action                   |  1- 3 |  4- 6 || total
-------------------------+-------+-------++-------
Melee: Trident           |    89 |   104 ||   193
       Headbutt          |     6 |    10 ||    16
Throw: Stone             |    15 |     8 ||    23
Invok: Lunge             |       |     1 ||     1
  Use: Scroll            |     1 |     2 ||     3
       Potion            |       |     1 ||     1
Armor: Scale mail        |    27 |    32 ||    59
Dodge: Dodged            |    31 |    43 ||    74
Block: Buckler           |    15 |    27 ||    42
